 Dungeon Crawl Stone Soup version 0.24-a0-365-ga4d96b6e6e (console) character file.

Game seed: 3823287532249896537

161 Lexodia the Sneak (level 5, -4/35 HPs)
             Began as a Vampire Enchanter on May 27, 2019.
             Slain by a gnoll
             ... wielding a +0 spear
              (8 damage)
             ... on level 3 of the Dungeon.
             The game lasted 00:06:57 (2746 turns).

Lexodia the Sneak (Vampire Enchanter)               Turns: 2746, Time: 00:06:58

Health: -4/35      AC:  3    Str:  7    XL:     5   Next: 19%
Magic:  6/8        EV: 13    Int: 17    God:
Gold:   125        SH:  0    Dex: 16    Spells: 5/8 levels left

rFire    + . .     SeeInvis +   a - +1 dagger
rCold    + + .     Gourm    .   (no shield)
rNeg     + + +     Faith    .   b - +0 robe
rPois    ∞         Spirit   .   (no helmet)
rElec    .         Reflect  .   (no cloak)
rCorr    .         Harm     .   c - +0 pair of gloves
MR       .....                  (no boots)
Stlth    +++++.....             (no amulet)
HPRegen  0.00/turn              j - ring of protection from fire
MPRegen  0.11/turn              (no ring)

@: bloodless, non-regenerating
A: fangs 3, see invisible, unbreathing
a: Bat Form


You were on level 3 of the Dungeon.
You were bloodless.

You visited 1 branch of the dungeon, and saw 3 of its levels.

You collected 125 gold pieces.

Inventory:

Hand Weapons
 a - a +1 dagger (weapon)
Armour
 b - a +0 robe (worn)
 c - a +0 pair of gloves (worn)
Jewellery
 j - a ring of protection from fire (left hand)
Scrolls
 f - 2 scrolls of enchant armour {unknown}
 g - 3 scrolls of identify {unknown}
 h - a scroll of blinking {unknown}
 k - a scroll of teleportation {unknown}
 n - a scroll of immolation {unknown}
Potions
 d - 22 potions of blood
 i - a potion of mutation {unknown}
 l - a potion of agility {unknown}
 m - a potion of curing {unknown}


   Skills:
 + Level 3.2 Short Blades
 - Level 2.1 Dodging
 + Level 6.4 Stealth
 - Level 2.0 Spellcasting
 + Level 6.0 Hexes


You had 5 spell levels left.
You knew the following spells:

 Your Spells              Type           Power        Failure   Level  Hunger
a - Corona                Hex            ###....      1%          1    #......
b - Ensorcelled Hibernat  Hex/Ice        ##....       9%          2    ###....

Your spell library contained the following spells:

 Spells                   Type           Power        Failure   Level  Hunger
 Confuse                  Hex            ###.....     4%          3    ###....
 Tukima's Dance           Hex            ###.....     4%          3    ###....
 Dazzling Spray           Conj/Hex       ##....       17%         3    ###....


Dungeon Overview and Level Annotations

Branches:
Dungeon (3/15)

Altars:
The Shining One


Innate Abilities, Weirdness & Mutations

You do not heal naturally.
You are immune to poison.
You have razor-sharp teeth.
You have supernaturally acute eyesight. (SInv)
You can survive without breathing.


Message History

The gnoll closely misses you.
The gnoll hits you from afar with a +0 spear.
Damage: -14%(-5hp) hp: 72%(25hp)
The gnoll closely misses you.
The gnoll hits you from afar with a +0 spear.
Damage: -12%(-4hp) hp: 60%(21hp)
The gnoll hits you from afar with a +0 spear.
Huge Dmg: -14%(-5hp) hp: 46%(16hp)
The gnoll misses you.
The gnoll hits you from afar with a +0 spear.
Damage: -6%(-2hp) hp: 40%(14hp)
The gnoll barely misses you. The gnoll barely misses you.
The gnoll hits you from afar with a +0 spear!
* * * LOW HITPOINT WARNING * * *
Huge Dmg: -28%(-10hp) hp: 12%(4hp)
You are too injured to fight recklessly!
It was a potion of cancellation.
You feel magically purged.
The gnoll hits you from afar with a +0 spear!
You die...

##################
...........g..g..#
################@########
...............#
...............## ..
................# ..
..............(.# g.
................###### ..
........>.............
...............######
................#


You could see 2 gnolls.

Vanquished Creatures
  A gnoll (D:3)
  6 adders
  An ooze (D:2)
  3 worms (D:2)
  5 dart slugs
  4 leopard geckos
  8 bats
  3 giant cockroaches
  5 goblins
  5 hobgoblins
  13 jackals
  7 frilled lizards
  8 kobolds
  5 rats
74 creatures vanquished.

Notes
Turn   | Place    | Note
-------+----------+-------------------------------------------
     0 | D:1      | Lexodia the Vampire Enchanter began the quest for the Orb.
     0 | D:1      | Reached XP level 1. HP: 13/13 MP: 3/3
    47 | D:1      | Found a glowing golden altar of the Shining One.
    91 | D:1      | Huge Dmg: 5 dmg
    92 | D:1      | Huge Dmg: 3 dmg
   705 | D:1      | Reached XP level 2. HP: 14/19 MP: 1/5
   715 | D:1      | Learned a level 2 spell: Ensorcelled Hibernation
   942 | D:1      | Reached skill level 5 in Stealth
  1163 | D:2      | Reached skill level 5 in Hexes
  1197 | D:2      | Huge Dmg: 3 dmg
  1225 | D:2      | Reached XP level 3. HP: 15/24 MP: 1/6
  1628 | D:2      | Reached XP level 4. HP: 30/30 MP: 7/7
  2354 | D:3      | Reached XP level 5. HP: 35/35 MP: 5/8
  2736 | D:3      | Huge Dmg: 5 dmg
  2746 | D:3      | Huge Dmg: 10 dmg
  2746 | D:3      | Slain by a gnoll

Levels and vault maps discovered:
D:1:      dpeg_arrival_radiant, layout_basic, tso_metal_star
D:2:      layout_loops_cross, first_ration, minmay_cupped
D:3:      layout_basic

Skill      XL: |  1  2  3  4  5 |
---------------+----------------+-----
Stealth        | 5 6 |  6.4
Hexes          | 5 6 |  6.0
Short Blades   | 2 3 |  3.2
Dodging        | |  2.1
Spellcasting   | |  2.0

Action                   |  1- 3 |  4- 6 || total
-------------------------+-------+-------++-------
Melee: Dagger            |   124 |    85 ||   209
       Bite              |    12 |     4 ||    16
 Cast: Corona            |    12 |     5 ||    17
       Ensorcelled Hiber |    18 |    20 ||    38
  Use: Potion            |       |     1 ||     1
 Stab: Sleeping          |    14 |    24 ||    38
Armor: Robe              |    27 |    33 ||    60
Dodge: Dodged            |    82 |   108 ||   190

Table legend:
 A = Non-vault XP
 B = Vault XP
 C = Vault XP percentage of total XP
 D = Non-vault monster count
 E = Vault monster count
 F = Vault count percentage of total count
                 A         B        C        D         E       F
            +---------+---------+-------+---------+---------+-------
      Total |     212 |      19 |   8.2 |      70 |       4 |   5.4
            +---------+---------+-------+---------+---------+-------
        D:1 |      30 |       0 |   0.0 |      18 |       0 |   0.0
        D:2 |     112 |      19 |  14.5 |      31 |       4 |  11.4
        D:3 |      70 |       0 |   0.0 |      21 |       0 |   0.0
            +---------+---------+-------+---------+---------+-------
